Description

Liberator Opening, Reaper Expand

Replay - Dark v Maru: Game 1 - Backwater LE

Build Order

Get SALT Encoding   

  12  0:00  SCV  
  13  0:13  SCV  
  14  0:16  Supply Depot  
  14  0:25  SCV  
  15  0:38  SCV  
  15  0:40  Barracks  
  16  0:45  Refinery  
  16  0:50  SCV  
  17  1:02  SCV  
  18  1:14  SCV  
  19  1:27  Reaper, Orbital Command  
  20  1:40  Command Center  
  20  1:52  Supply Depot  
  20  1:54  SCV  
  21  1:59  Marine  
  22  2:08  SCV  
  23  2:09  Factory  
  23  2:15  Engineering Bay  
  23  2:20  Refinery  
  23  2:24  Barracks Reactor  
  23  2:26  SCV  
  23  2:38  SCV  
  24  2:50  SCV  
  25  2:53  Orbital Command  
  25  3:00  Starport  
  25  3:05  Hellion x2  
  29  3:08  SCV  
  29  3:10  Barracks Tech Lab  
  28  3:20  SCV x2  
  28  3:26  Hellion x2  
  34  3:30  Marine  
  34  3:33  SCV x2  
  37  3:37  Medivac  
  39  3:45  SCV x2  
  39  3:46  Supply Depot  
  41  3:53  Liberator  
  41  3:54  Hellion  
  43  3:58  SCV  
  43  4:00  SCV  
  45  4:08  Hellion  
  47  4:11  SCV  
  47  4:12  SCV, Supply Depot  
  52  4:24  SCV  
  53  4:32  Command Center  
  53  4:35  Marine x2  
  55  4:39  Siege Tank  
  55  4:40  SCV  
  55  4:44  SCV  
  56  4:49  Bunker  
  56  4:52  SCV  
  52  4:53  Marine x2, Starport Tech Lab  
  52  4:55  Supply Depot  
  52  4:56  SCV  
  52  4:59  Bunker  
  55  5:04  SCV  
  56  5:08  SCV  
  56  5:09  Supply Depot  
  56  5:11  Siege Tank, Marine x2  
  62  5:17  SCV  
  61  5:28  SCV  
  55  5:29  Marine x2  
  50  5:36  SCV  
  50  5:40  SCV  
  42  5:43  Siege Tank  
  42  5:47  Marine x2  
  42  5:49  SCV  
  46  5:53  SCV  
  40  6:01  SCV  
  38  6:05  Marine x2, SCV  
  44  6:16  SCV  
  42  6:20  Siege Tank  
  42  6:22  Marine  
  42  6:23  Marine  
  43  6:33  SCV  
  43  6:34  SCV  
  43  6:38  Orbital Command  
  45  6:40  Marine x2  
  45  6:45  SCV  
  45  6:46  SCV  
  46  6:58  SCV x2  
  49  7:03  Command Center  
  49  7:04  Supply Depot  
  49  7:07  SCV  
  49  7:10  SCV x2  
  49  7:14  Barracks Tech Lab  
  51  7:19  Siege Tank  
  54  7:24  SCV x2  
  54  7:25  Supply Depot  
  54  7:27  Supply Depot, SCV  
  57  7:35  Marine  
  57  7:36  Stimpack  
  58  7:41  SCV  
  58  7:42  Engineering Bay x2, SCV  
  60  7:45  SCV  
  61  7:53  SCV  
  61  7:54  SCV  
  61  7:57  SCV, Barracks  
  64  8:00  Barracks  
  64  8:05  SCV  
  65  8:07  SCV  
  65  8:08  Starport Reactor  
  65  8:13  Terran Infantry Weapons Level 1, Terran Infantry Armor Level 1  
  65  8:14  SCV  
  65  8:17  SCV  
  65  8:19  SCV  
  68  8:20  Armory  
  68  8:26  Orbital Command, SCV  
  69  8:29  SCV  
  69  8:31  Marine, SCV  
  72  8:38  SCV  
  73  8:45  Marine x2  
  73  8:46  SCV  
  76  8:49  Missile Turret  
  76  8:50  Missile Turret x2, SCV x2  
  76  8:52  Missile Turret  
  76  8:54  Starport Reactor  
  78  8:58  SCV  
  78  8:59  Marine  
  78  9:00  Siege Tank  
  78  9:02  SCV  
  84  9:03  Marine x2, SCV  
  84  9:05  Supply Depot x2  
  87  9:10  Refinery x2  
  87  9:11  SCV  
  87  9:12  SCV  
  87  9:16  Marine  
  90  9:18  Marine x2  
  90  9:21  Marine x2  
  90  9:22  SCV x2  
  90  9:23  Supply Depot  
  96  9:28  Barracks  
  96  9:30  Orbital Command  
  96  9:31  Barracks  
  96  9:34  Marine, SCV x3  
  98  9:46  Marine x2, Combat Shields, SCV  
  98  9:49  Liberator x2  
  98  9:51  SCV x2  
  103  9:57  SCV  
  103  9:58  SCV  
Spawning Tool Build Advisor. Get it on Overwolf

Analysis

Liberator Opening, Reaper Expand

Go to:

Details

  • Created by: SuperNinja
  • Published on: Apr 03, 2018
  • Modified on: Apr 03, 2018
  • Patch: 4.0.0
Show
View Real Time Build Order
Export as new Build Order

Comments (0)

There are no comments. Be the first!

Create an account to comment!